 Dungeon Sprint DCSS version 0.27-a0-686-gaed091b46b (webtiles) character file.

Game seed: 14182528888665683055

9866 mhtbhm the Severer (level 11, -12/113 HPs)
             Began as a Minotaur Fighter on Mar 20, 2021.
             Was a High Priest of Trog.
             Killed from afar by Lom Lobon (99 damage)
             ... with a great icy blast
             ... in the Dungeon (Sprint VII: "The Pits").
             The game lasted 00:03:14 (1877 turns).

mhtbhm the Severer (Minotaur Fighter)               Turns: 1877, Time: 00:03:15

Health: -12/113    AC: 13    Str: 23    XL:     11   Next: 28%
Magic:  10/10      EV: 15    Int:  8    God:    Trog [*****.]
Gold:   0          SH: 14    Dex: 11    Spells: 10/10 levels left

rFire    + . .     SeeInvis .   a - +5 broad axe (flame)
rCold    . . .     Faith    .   c - +0 kite shield
rNeg     . . .     Spirit   .   b - +4 scale mail {rF+}
rPois    .         Reflect  .   (helmet restricted)
rElec    .         Harm     .   (no cloak)
rCorr    .         Rampage  .   (no gloves)
Will     ++...     NoTele   +   (no boots)
Stlth    +.........             (no amulet)
HPRegen  1.28/turn              m - +3 ring of intelligence
MPRegen  0.12/turn              n - +3 ring of evasion

@: mighty, regenerating, hasted, very quick
A: horns 2, retaliatory headbutt
a: Renounce Religion, Berserk, Trog's Hand, Brothers in Arms


You were in the Dungeon.
You worshipped Trog.
Trog was extremely pleased with you.
You visited 1 branch

Inventory:

Hand Weapons
 a - a +5 broad axe of flaming (weapon)
Missiles
 p - 10 poisoned darts (quivered)
Armour
 b - a +4 scale mail of fire resistance (worn)
 c - a +0 kite shield (worn)
Jewellery
 m - a +3 ring of intelligence (right hand)
 n - a +3 ring of evasion (left hand)
Scrolls
 l - a scroll of summoning
Potions
 e - 6 potions of curing
 f - 10 potions of heal wounds
 h - 4 potions of magic
 i - 5 potions of berserk rage
 k - 2 potions of invisibility
 o - 3 potions of mutation


   Skills:
 + Level 15.5 Fighting
 + Level 18.5 Axes
 + Level 14.1 Armour
 + Level 7.5 Dodging
 + Level 2.4 Stealth
 + Level 14.4 Shields


You had 10 spell levels left.
You didn't know any spells.
Your spell library was empty.

Dungeon Overview and Level Annotations

Branches:
Dungeon (1/1)

Altars:
Ashenzari
Cheibriados
Dithmenos
Elyvilon
Fedhas
Gozag
Hepliaklqana
Kikubaaqudgha
Makhleb
Nemelex Xobeh
Okawaru
Qazlal
Ru
Sif Muna
Trog
Uskayaw
Vehumet
Wu Jian
Xom
Yredelemnul
Zin
The Shining One
Beogh
Jiyva
Lugonu

Annotations:
D Lom Lobon


Innate Abilities, Weirdness & Mutations

You have a pair of horns on your head.
You reflexively headbutt those who attack you in melee.


Message History

The blast of lightning engulfs the ball lightning.
The ball lightning completely resists.
The ball lightning explodes!
The blast of lightning engulfs you.
The blast of lightning engulfs Lom Lobon.
Lom Lobon completely resists.
The blast of lightning engulfs your troll!
The blast of lightning engulfs the ball lightning.
The ball lightning completely resists.
Lom Lobon blinks!
Your deep troll rages.
You hear a deafening roar!
You hear a shout! x7
Unknown command.
The ball lightning explodes!
The blast of lightning engulfs you!
The blast of lightning engulfs the ball lightning.
The ball lightning completely resists.
The blast of lightning engulfs the ball lightning.
The ball lightning completely resists.
The blast of lightning engulfs your troll!
The ball lightning explodes!
The blast of lightning engulfs the ball lightning.
The ball lightning completely resists.
The blast of lightning engulfs you!
The ball lightning explodes!
The blast of lightning engulfs you!
The blast of lightning engulfs your troll!
Things that are here:
a +2 war axe of electrocution; a +4 vorpal mace Unknown command.
Unknown command.
You feel much better.
Your deep troll rages.
Lom Lobon gestures at you.
Lom Lobon conjures a mighty blast of ice!
The great icy blast engulfs your troll!!!!
Your troll is frozen into a solid block of ice!
Your troll dies!
Your troll's corpse disappears in a puff of smoke!
The great icy blast engulfs you!!!!
Ouch! That really hurt!
You die...

#+# #.# #'#
##############################'#
..............C)@§§§....§§§§§§.#
)..............T÷8§§&...§§§§§§.#
#############++##############&.#
#)†# #..# #..# #..# #..# #..#


You could see Lom Lobon (gusty, ally target), a friendly deep troll (summoned,
berserk) and a friendly cyclops (summoned, berserk).

Vanquished Creatures
  A nagaraja (D)
  A great orb of eyes (D)
  4 hell hogs (D)
  A death yak (D)
  2 shadow wraiths (D)
  A molten gargoyle (D)
  Psyche (D)
  A kobold demonologist (D)
  A freezing wraith (D)
  An ice devil (D)
  A jumping spider (D)
  7 dream sheep (D)
  Edmund (D)
  An orc warrior (D)
  An ice beast (D)
  A necrophage (D)
  2 black bears (D)
  A wolf (D)
  A phantom (D)
  2 kobold brigands (D)
  A killer bee (D)
  A gnoll shaman (D)
  A hound (D)
  A worker ant (D)
  4 gnolls (D)
  An ufetubus (D)
  A leopard gecko (D)
  4 orcs (D)
  A goblin (D)
  A hobgoblin (D)
  6 jackals (D)
  A frilled lizard (D)
  A kobold (D)
  A leopard gecko zombie (D)
  A rat (D)
58 creatures vanquished.

Vanquished Creatures (others)
  5 ball lightnings (D)
5 creatures vanquished.

Grand Total: 63 creatures vanquished

Notes
Turn   | Place    | Note
-------+----------+-------------------------------------------
     0 | D        | mhtbhm the Minotaur Fighter began the quest for the Orb.
     0 | D        | Reached XP level 1. HP: 19/19 MP: 0/0
    20 | D        | Found a bloodstained altar of Trog.
    20 | D        | Found a shimmering blue altar of Sif Muna.
    20 | D        | Found a viscous altar of Jiyva.
    20 | D        | Found a hazy altar of Hepliaklqana.
    20 | D        | Found an opulent altar of Gozag.
    21 | D        | Found a glowing golden altar of the Shining One.
    21 | D        | Found a glowing silver altar of Zin.
    21 | D        | Found a basalt altar of Yredelemnul.
    21 | D        | Found a shimmering altar of Xom.
    21 | D        | Found an ornate altar of the Wu Jian Council.
    21 | D        | Found a sacrificial altar of Ru.
    21 | D        | Found a stormy altar of Qazlal.
    21 | D        | Found an iron altar of Okawaru.
    21 | D        | Found a sparkling altar of Nemelex Xobeh.
    21 | D        | Found a burning altar of Makhleb.
    21 | D        | Found a blossoming altar of Fedhas.
    21 | D        | Found a white marble altar of Elyvilon.
    21 | D        | Found a shadowy altar of Dithmenos.
    21 | D        | Found a snail-covered altar of Cheibriados.
    23 | D        | Found a radiant altar of Vehumet.
    23 | D        | Found a corrupted altar of Lugonu.
    25 | D        | Became a worshipper of Trog the Wrathful
    64 | D        | Reached * piety under Trog
    78 | D        | Reached ** piety under Trog
    79 | D        | Reached skill level 3 in Axes
    79 | D        | Reached XP level 2. HP: 16/28 MP: 1/1
    81 | D        | Reached skill level 5 in Armour
   139 | D        | Noticed an ice beast
   141 | D        | Reached skill level 5 in Fighting
   141 | D        | Reached *** piety under Trog
   142 | D        | Reached skill level 5 in Shields
   142 | D        | Reached XP level 3. HP: 37/37 MP: 2/2
   145 | D        | Killed an ice beast
   146 | D        | Reached skill level 4 in Axes
   146 | D        | Reached XP level 4. HP: 47/47 MP: 3/3
   146 | D        | Reached XP level 5. HP: 52/52 MP: 4/4
   219 | D        | Noticed an orc warrior
   220 | D        | Noticed a black bear
   223 | D        | Noticed a wolf
   224 | D        | Reached **** piety under Trog
   224 | D        | Noticed a phantom
   226 | D        | Killed a black bear
   227 | D        | Reached skill level 5 in Axes
   227 | D        | Reached skill level 1 in Dodging
   228 | D        | Killed a wolf
   229 | D        | Reached skill level 6 in Axes
   229 | D        | Reached XP level 6. HP: 50/63 MP: 5/5
   232 | D        | Killed an orc warrior
   232 | D        | Reached ***** piety under Trog
   233 | D        | Reached skill level 7 in Axes
   233 | D        | Reached skill level 10 in Shields
   239 | D        | Reached skill level 10 in Fighting
   243 | D        | Reached XP level 7. HP: 33/72 MP: 6/6
   366 | D        | Noticed Edmund
   374 | D        | Killed Edmund
   375 | D        | Reached skill level 8 in Axes
   375 | D        | Reached skill level 10 in Armour
   520 | D        | Reached ****** piety under Trog
   520 | D        | Received a gift from Trog
   521 | D        | Reached skill level 9 in Axes
   625 | D        | Noticed a death yak
   635 | D        | Killed a shadow wraith
   636 | D        | Reached skill level 11 in Axes
   636 | D        | Reached XP level 8. HP: 71/82 MP: 7/7
   636 | D        | Killed a death yak
   637 | D        | Reached skill level 12 in Axes
   637 | D        | Reached skill level 5 in Dodging
   637 | D        | Reached skill level 1 in Stealth
   637 | D        | Reached XP level 9. HP: 78/90 MP: 8/8
   861 | D        | Found a hide-covered altar of Uskayaw.
   861 | D        | Found an ancient bone altar of Kikubaaqudgha.
   861 | D        | Found a broken altar of Ashenzari.
   888 | D        | Noticed a jumping spider
   902 | D        | Killed a shadow wraith
   903 | D        | Reached skill level 13 in Axes
   920 | D        | Killed a jumping spider
  1202 | D        | Noticed a nagaraja
  1202 | D        | Noticed an ice devil
  1207 | D        | Reached skill level 14 in Axes
  1209 | D        | Received a gift from Trog
  1214 | D        | Killed a nagaraja
  1214 | D        | Killed an ice devil
  1215 | D        | Reached skill level 16 in Axes
  1215 | D        | Reached XP level 10. HP: 86/102 MP: 9/9
  1220 | D        | Received a gift from Trog
  1443 | D        | Noticed Psyche
  1444 | D        | Noticed a great orb of eyes
  1446 | D        | Paralysed by a great orb of eyes for 6 turns
  1455 | D        | Killed a great orb of eyes
  1456 | D        | Reached skill level 17 in Axes
  1458 | D        | Killed Psyche
  1514 | D        | Noticed a hell hog
  1515 | D        | Noticed a hell hog
  1516 | D        | Noticed a hell hog
  1517 | D        | Noticed a hell hog
  1521 | D        | Noticed a sun demon
  1524 | D        | Killed a hell hog
  1524 | D        | Killed a hell hog
  1524 | D        | Received a gift from Trog
  1525 | D        | Reached XP level 11. HP: 100/111 MP: 10/10
  1525 | D        | Killed a hell hog
  1526 | D        | Reached skill level 15 in Fighting
  1526 | D        | Reached skill level 18 in Axes
  1534 | D        | Killed a hell hog
  1537 | D        | Received a gift from Trog
  1850 | D        | Noticed Lom Lobon
  1877 | D        | Killed from afar by Lom Lobon

Illustrated notes

Levels and vault maps discovered:
D:        pitsprint [storerooms_1, entrance_room_1, metal_vault_7, armoury_2,
          mini_pit_1, grid_room_1, main_hall_1, silver_pit, the_coven_2,
          the_vestibule_1, steel_vault_3, golden_pit, hallway_of_sentries,
          crystal_vault_6, iron_vault_4, final_vault]

Skill      XL: |  1  2  3  4  5  6  7  8  9 10 11 |
---------------+----------------------------------+-----
Fighting       | 4 5 7 9 10 11 12 13 14 15 | 15.5
Armour         | 4 5 7 9 10 11 12 13 14 | 14.1
Shields        | 4 5 7 9 10 11 12 13 14 | 14.4
Axes           | 3 4 6 7 11 12 16 17 18 | 18.5
Dodging        | 1 2 4 5 6 7 |  7.5
Stealth        | 1 2 |  2.4

Action                   |  1- 3 |  4- 6 |  7- 9 | 10-12 || total
-------------------------+-------+-------+-------+-------++-------
Melee: Hand axe          |    18 |    19 |    33 |       ||    70
       Headbutt          |     3 |     4 |    11 |    11 ||    29
       War axe           |     1 |       |    19 |    30 ||    50
       Broad axe         |       |       |     9 |     6 ||    15
Invok: Berserk           |     1 |     1 |     2 |     2 ||     6
       Brothers in Arms  |       |       |       |     3 ||     3
       Trog's Hand       |       |       |       |     1 ||     1
  Use: Potion            |       |       |     2 |     4 ||     6
       Scroll            |       |       |       |     1 ||     1
Armor: Scale mail        |     5 |     6 |    30 |     4 ||    45
Dodge: Dodged            |    11 |    11 |    33 |    16 ||    71
Block: Kite shield       |    11 |    17 |    34 |    17 ||    79

Table legend: (Time is in decaauts)
 A = Elapsed time spent in this place.
 B = Non-inter-level travel time spent in this place.
 C = Inter-level travel time spent in this place.
 D = Time resting spent in this place.
 E = Time spent auto-exploring this place.
 F = Levels seen in this place.
 G = Mean time per level.
                   A        B        C        D        E       F      G
               +--------+--------+--------+--------+--------+-----+--------+
         Total |   1929 |   1929 |      0 |   1178 |    147 |   1 | 1929.0 |
       Dungeon |   1929 |   1929 |      0 |   1178 |    147 |   1 | 1929.0 |
               +--------+--------+--------+--------+--------+-----+--------+

Top non-repeatable levels by time:
       D: 1929 daAuts
